 Dungeon Crawl Stone Soup version 0.23.2-11-gf996548c65 (webtiles) character file.

Game seed: 15146420490216668448

91 MalarOregon the Skirmisher (level 4, -3/40 HPs)
             Began as a Ghoul Monk on June 4, 2019.
             Killed from afar by an orc wizard (5 damage)
             ... with a magic dart
             ... on level 3 of the Dungeon.
             The game lasted 00:03:37 (2480 turns).

MalarOregon the Skirmisher (Ghoul Monk)             Turns: 2480, Time: 00:03:37

Health: -3/40      AC:  2    Str: 14    XL:     4   Next: 59%
Magic:  3/3        EV: 13    Int:  6    God:
Gold:   148        SH:  0    Dex: 11    Spells: 3/3 levels left

rFire    . . .     SeeInvis .   a - +0 mace
rCold    + . .     Gourm    .   (no shield)
rNeg     + + +     Faith    .   b - +0 robe
rPois    ∞         Spirit   .   (no helmet)
rElec    .         Reflect  .   (no cloak)
rCorr    .         Harm     .   (no gloves)
MR       .....                  (no boots)
Stlth    ++........             (no amulet)
HPRegen  0.00/turn              (no ring)
MPRegen  0.08/turn              (no ring)

@: rotting
A: rotting body, claws 1, carnivore, cold resistance 1, negative energy
resistance 3, inhibited regeneration, torment resistance, unbreathing
a: no special abilities


You were on level 3 of the Dungeon.
You were not hungry.

You visited 1 branch of the dungeon, and saw 3 of its levels.

You collected 148 gold pieces.

Inventory:

Hand Weapons
 a - a +0 mace (weapon)
Armour
 b - a +0 robe (worn)
Wands
 d - a wand of scattershot (7)
   (You found it on level 3 of the Dungeon)
Scrolls
 h - 2 scrolls of magic mapping
Comestibles
 e - 6 rations {!d}


   Skills:
 + Level 4.0 Fighting
 + Level 3.2 Maces & Flails
 + Level 3.3 Dodging
 + Level 3.3 Stealth


You had 3 spell levels left.
You didn't know any spells.
Your spell library was empty.

Dungeon Overview and Level Annotations

Branches:
Dungeon (3/15)

Altars:
Sif Muna


Innate Abilities, Weirdness & Mutations

Your body is rotting away.
You thrive on raw meat.
You are immune to poison.
You have sharp fingernails.
You are carnivorous and can eat meat at any time.
Your flesh is cold resistant. (rC+)
You are immune to negative energy. (rN+++)
You do not regenerate when monsters are visible.
You are immune to unholy pain and torment.
You can survive without breathing.


Message History

You hit the orc but do no damage. The orc hits you with a +0 morningstar!
* * * LOW HITPOINT WARNING * * *
The orc hits you with a +0 whip.
* * * LOW HITPOINT WARNING * * *
The orc barely misses you.
The orc wizard mumbles some strange words.
The orc wizard blinks!
There is an open door here.
The orc wizard hits you with a +0 dagger.
* * * LOW HITPOINT WARNING * * *
Eat a chunk of flesh? (ye/n/q)
You eat the chunk of flesh.
You feel more resilient.
This raw flesh tastes great!
The orc wizard barely misses you. The orc wizard casts a spell at you.
The magic dart hits you!
* * * LOW HITPOINT WARNING * * *
It was a potion of agility.
You feel agile all of a sudden. The orc wizard barely misses you.
You feel better. The orc wizard misses you.
The orc wizard points at you and mumbles some strange words.
The magic dart hits you!
* * * LOW HITPOINT WARNING * * *
You feel better. The orc wizard closely misses you.
Okay, then.
The orc wizard misses you.
An orc comes into view. It is wielding a +0 whip.
The orc wizard hits you with a +0 dagger.
* * * LOW HITPOINT WARNING * * *
The orc misses you.
The orc wizard mumbles some strange words.
The orc wizard blinks!
The orc wizard closely misses you.
The orc wizard points at you and mumbles some strange words.
You feel yourself slow down.
Okay, then.
Your magical effects are unravelling.
You feel magically purged.
You feel yourself speed up.
You feel a little less agile now. The orc wizard barely misses you.
The orc wizard hits you but does no damage.
Found a stone staircase leading down.
Found 15 poisoned needles.
The orc wizard hits you with a +0 dagger.
* * * LOW HITPOINT WARNING * * *
The orc wizard casts a spell.
The orc wizard blinks!
The orc wizard gestures at you while chanting.
The magic dart hits you.
You die...

### #.. #(# #.# #@#
#.# #o# #o# #.#
#o### ##.....##
##oo.# ##.......##
##.o..###.........##
#.......'.........'.


You could see an orc wizard and 5 orcs.

Vanquished Creatures
  A jelly (D:2)
  2 oozes
  2 worms
  A dart slug (D:3)
  A leopard gecko (D:1)
  An orc (D:3)
  2 giant cockroaches
  7 hobgoblins
  A jackal (D:1)
  A quokka (D:2)
  5 bats
  5 frilled lizards
  4 goblins
  3 kobolds
  7 rats
43 creatures vanquished.

Notes
Turn   | Place    | Note
-------+----------+-------------------------------------------
     0 | D:1      | MalarOregon the Ghoul Monk began the quest for the Orb.
     0 | D:1      | Reached XP level 1. HP: 19/19 MP: 0/0
    88 | D:1      | Reached XP level 2. HP: 5/26 MP: 1/1
   978 | D:2      | Reached XP level 3. HP: 15/31 MP: 2/2
  1384 | D:2      | Reached XP level 4. HP: 20/40 MP: 3/3
  2235 | D:3      | Reached skill level 4 in Fighting
  2303 | D:3      | Found a deep blue altar of Sif Muna.
  2478 | D:3      | HP: 2/40 [orc wizard/+0 dagger (5)]
  2480 | D:3      | Killed from afar by an orc wizard

Skill      XL: |  1  2  3  4 |
---------------+-------------+-----
Maces & Flails | 3 |  3.2
Dodging        | 3 |  3.3
Stealth        | 3 |  3.3
Fighting       | 4 |  4.0

Action                   |  1- 3 |  4- 6 || total
-------------------------+-------+-------++-------
Melee: Mace              |    97 |    72 ||   169
  Use: Scroll            |     6 |     3 ||     9
       Potion            |       |     4 ||     4
 Stab: Sleeping          |     4 |     3 ||     7
  Eat: Chunk             |     8 |     7 ||    15
Armor: Robe              |    25 |    10 ||    35
Dodge: Dodged            |    88 |    54 ||   142
